 Dungeon Crawl Stone Soup version 0.19-a0-994-g3c636f0 (webtiles) character file.

120 mistymad the Poker (level 5, -3/42 HPs)
             Began as a Merfolk Monk on July 15, 2016.
             Slain by a gnoll
             ... wielding a +0 spear
              (9 damage)
             ... on level 4 of the Dungeon.
             The game lasted 00:04:18 (2404 turns).

mistymad the Poker (Merfolk Monk)                   Turns: 2404, Time: 00:04:19

Health: -3/42      AC:  5    Str: 15    XL:     5   Next: 4%
Magic:  5/5        EV: 11    Int: 10    God:
Gold:   85         SH:  9    Dex: 16    Spells: 0 memorised, 4 levels left

rFire  . . .     SeeInvis .     a - +1 spear
rCold  . . .     Gourm    .     s - +0 ring mail
rNeg   . . .     Faith    .     g - +1 shield
rPois  .         Spirit   .     (no helmet)
rElec  .         Dismiss  .     (no cloak)
rCorr  .         Reflect  .     (no gloves)
SustAt .         Harm     .     (no boots)
MR     .....                    (no amulet)
Stlth  +.........               (no ring)
                                d - +3 ring of strength

@: drained, not resistant to hostile enchantments, very unstealthy
A: change form in water, swift swim
a: no special abilities


You were on level 4 of the Dungeon.
You were not hungry.

You visited 1 branch of the dungeon, and saw 4 of its levels.

You collected 85 gold pieces.

Inventory:

Hand Weapons
 a - a +1 spear (weapon)
Missiles
 h - a throwing net (quivered)
Armour
 g - a +1 shield (worn)
 s - a +0 ring mail (worn)
Jewellery
 b - an uncursed ring of fire
 d - a +3 ring of strength (left hand)
Scrolls
 e - a scroll of remove curse
 j - a scroll of recharging
 o - a scroll of fear
Potions
 i - 2 potions of might
 n - a potion of curing {unknown}
 q - a potion of agility {unknown}
Comestibles
 c - a bread ration
 l - a meat ration


   Skills:
 + Level 4.0(3.9) Fighting
 + Level 5.5(5.4) Polearms
 + Level 1.2 Armour
 + Level 4.9(4.8) Dodging
 - Level 2.1 Stealth
 + Level 1.2(1.1) Shields


You had 4 spell levels left.
You didn't know any spells.

Dungeon Overview and Level Annotations

Branches:
Dungeon (4/15)
 Temple: D:4-7

Altars:
Dithmenos

Annotations:
D:3 Crazy Yiuf


Message History

Aim: a gnoll, wielding a spear (severely wounded)
You reach to attack!
You hit the gnoll but do no damage.
The gnoll is severely wounded.
The giant gecko bites you.
* * * LOW HITPOINT WARNING * * *
The gnoll closely misses you.
You take 3 damage, and have 5/42 hp.
Attack whom?
Press: ? - help, Dir - move target cursor, f/p - gnoll
Aim: a gnoll, wielding a spear (severely wounded)
You reach to attack!
You barely miss the gnoll.
The gnoll is severely wounded.
The giant gecko bites you but does no damage.
Unknown command.
Attack whom?
Press: ? - help, Dir - move target cursor, f/p - gnoll
Aim: a gnoll, wielding a spear (severely wounded)
The giant gecko is in the way.
You miss the giant gecko.
The gnoll hits you from afar with a spear!
You die...

### #.# ###.###
#...l@# #.#g###
#.#)#
###.#o#########
#............<#
#.#(#.#########
#.........#
....#.#.###.#
....#.#=#


You could see a gnoll and a giant gecko.

Vanquished Creatures
  2 adders
  2 gnolls (D:4)
  2 dart slugs
  2 worms (D:2)
  4 giant geckos
  A ball python (D:2)
  9 bats
  6 giant cockroaches
  7 goblins
  4 hobgoblins
  7 jackals (D:1)
  6 kobolds
  2 quokkas
  12 rats
66 creatures vanquished.

Notes
Turn   | Place    | Note
-------+----------+-------------------------------------------
     0 | D:1      | mistymad the Merfolk Monk began the quest for the Orb.
     0 | D:1      | Reached XP level 1. HP: 18/18 MP: 1/1
   116 | D:1      | Reached XP level 2. HP: 15/24 MP: 2/2
   598 | D:1      | Reached skill level 5 in Polearms
   616 | D:1      | Reached XP level 3. HP: 29/29 MP: 3/3
   652 | D:1      | Reached skill level 1 in Armour
  1210 | D:2      | Reached skill level 1 in Shields
  1210 | D:2      | Reached XP level 4. HP: 27/37 MP: 4/4
  2020 | D:3      | Found a shadowy altar of Dithmenos.
  2042 | D:3      | Found a runed door.
  2046 | D:3      | Noticed Crazy Yiuf
  2388 | D:4      | Reached XP level 5. HP: 14/42 MP: 5/5
  2404 | D:4      | Slain by a gnoll

Vault maps used:
D:1:      sevenhm_arrival_forest_fort_large_4
D:3:      first_bread, grunt_dithmenos_smoke_and_mirrors,
          uniq_crazy_yiuf_cottage
D:4:      gup_sewer_entry_bowl

Skill      XL: |  1  2  3  4 |
---------------+-------------+-----
Polearms       | 5 |  5.5
Armour         | 1 |  1.2
Shields        | 1 |  1.2
Fighting       | 4 |  4.0
Dodging        | |  4.9
Stealth        | |  2.1

Action                   |  1- 3 |  4- 6 || total
-------------------------+-------+-------++-------
Melee: Spear             |   188 |   104 ||   292
  Use: Scroll            |       |     7 ||     7
 Stab: Sleeping          |    11 |     4 ||    15
  Eat: Chunk             |     1 |     4 ||     5
Armor: Robe              |    27 |     3 ||    30
       Ring mail         |       |    13 ||    13
Dodge: Dodged            |    98 |    23 ||   121
Block: Shield            |    29 |    28 ||    57
